Map: Sanctuary III LE

Players

liquidclem (Clem) - Winner!

  • Race: Terran Terran
  • League: Grandmaster
  • Spawn Location: 1:00

lorimbo

  • Race: Zerg Zerg
  • League: Grandmaster
  • Spawn Location: 7:00

Event: HomeStory Cup XXIX

VOD

Have the link to the VOD?

Description

Time

  • Played on: July 3, 2026, 11:31 a.m.
  • Length: 4:29

All games in this series

Show
View Real Time Build Order
Export as new Build Order

liquidclem Terran - Winner!

Build Orders: Reaper Expand 

Get SALT Encoding   

  8  0:00  SCV  
  9  0:13  SCV  
  10  0:25  SCV  
  10  0:28  Supply Depot  
  11  0:37  SCV  
  12  0:49  SCV  
  13  0:53  Barracks  
  13  1:01  SCV  
  14  1:05  Refinery  
  14  1:13  SCV  
  15  1:25  SCV  
  16  1:41  Orbital Command  
  16  1:47  Reaper  
  17  2:06  SCV  
  18  2:11  Command Center  
  18  2:21  Marine  
  19  2:25  Factory  
  19  2:34  Bunker  
  19  2:39  Marine  
  20  2:46  Supply Depot  
  20  2:50  SCV  
  21  3:07  Marine, SCV  
  21  3:08  Hellion  
  25  3:21  SCV, Starport  
  26  3:29  Orbital Command  
  26  3:33  SCV  
  27  3:39  Hellion  
  28  3:43  Marine  
  27  3:54  SCV  
  28  3:56  SCV  
  28  4:00  Starport Tech Lab  
  28  4:01  Marine  
  30  4:03  Hellion  
  32  4:06  SCV  
Show
View Real Time Build Order
Export as new Build Order

lorimbo Zerg 

Build Orders: Pool First 

Get SALT Encoding   

  8  0:00  Drone  
  9  0:10  Drone  
  10  0:17  Drone  
  11  0:22  Drone  
  12  0:33  Overlord  
  12  0:39  Extractor  
  12  0:40  Drone  
  13  0:52  Drone x2  
  15  0:57  Extractor  
  15  1:00  Drone  
  15  1:11  Spawning Pool  
  15  1:15  Drone  
  15  1:20  Drone  
  16  1:31  Drone  
  17  1:50  Hatchery  
  17  1:55  Hatchery  
  16  2:01  Metabolic Boost  
  16  2:06  Zergling x2  
  17  2:10  Zergling x2  
  17  2:14  Zergling x2  
  19  2:27  Baneling Nest  
  20  2:38  Zergling x4  
  20  2:41  Overlord  
  20  2:59  Zergling x4  
  22  3:07  Zergling x2  
  22  3:11  Zergling x2  
  24  3:18  Baneling x4  
  24  3:20  Zergling x4  
  24  3:24  Baneling  
  26  3:28  Zergling x2  
  26  3:29  Zergling x2  
  26  3:48  Zergling x6  
  23  3:52  Zergling x2  
  23  3:56  Zergling x2  
Tags
 
Add a new tag
Caveats
  • Supply blocks, unpowered buildings, or Contaminate may cause inaccurate times.
  • Supply counts are checked every 10 seconds.